 Dungeon Crawl Stone Soup version 0.23-a0-642-g3120c2f (webtiles) character file.

88376 Firecrotchwizard the Covert (level 15, -31/102 (103) HPs)
             Began as a Gnoll Wizard on Dec 30, 2018.
             Was a High Priest of Hepliaklqana.
             Annihilated by Saint Roka
             ... wielding a +0 dire flail
              (34 damage)
             ... on level 2 of the Orcish Mines.
             The game lasted 01:41:28 (26722 turns).

Firecrotchwizard the Covert (Gnoll Wizard)         Turns: 26722, Time: 01:41:29

HP:   -31/102 (103) AC: 17    Str: 10    XL:     15   Next: 93%
MP:   31/31         EV: 22    Int: 25    God:    Hepliaklqana [*****.]
Gold: 2708          SH: 17    Dex: 15    Spells: 8/38 levels left

rFire    . . .     SeeInvis .   L - +1 demon trident (flame)
rCold    . . .     Gourm    .   g - +0 shield
rNeg     . . .     Faith    .   Y - +2 troll leather armour {Snorg}
rPois    .         Spirit   .   O - +2 hat
rElec    .         Reflect  +   r - +1 cloak
rCorr    .         Harm     .   A - +2 pair of gloves
MR       ++...                  x - +0 pair of boots
Stlth    +++++.....             B - +6 amulet of reflection
HPRegen  0.67/turn              c - +4 ring of evasion
MPRegen  0.22/turn              P - ring of protection from magic {MR+, !d}

@: studying 2 skills
A: distributed training, reduced essence, fangs 1, strong nose
a: Recall Ancestor, Ancestor Identity, Transference, Idealise, Renounce Religion


You were on level 2 of the Orcish Mines.
You worshipped Hepliaklqana.
Hepliaklqana was extremely pleased with you.
You were hungry.

You visited 4 branches of the dungeon, and saw 23 of its levels.
You visited the Abyss 1 time.
You also visited: Sewer and Volcano.

You collected 2708 gold pieces.

Inventory:

Hand Weapons
 G - the +2 flail of Demand {flame, rElec rPois rF++ Dex-3}
   (You found it on level 7 of the Dungeon)

   It has been specially enchanted to burn those struck by it, causing extra
   injury to most foes and up to half again as much damage against particularly
   susceptible opponents.
   It affects your dexterity (-3).
   It greatly protects you from fire.
   It insulates you from electricity.
   It protects you from poison.
 L - a +1 demon trident of flaming (weapon)
   (You found it in a volcano)
Missiles
 t - 6 throwing nets {=f, !d}
Armour
 g - a +0 shield (worn)
   (You took it off an orc warlord on level 1 of the Orcish Mines)
 r - a +1 cloak (worn)
   (You found it on level 8 of the Dungeon)
 x - a +0 pair of boots (worn)
   (You found it on level 3 of the Dungeon)
 A - a +2 pair of gloves (worn)
   (You found it on level 3 of the Dungeon)
 O - a +2 hat (worn)
   (You found it on level 6 of the Lair of Beasts)
 Y - a +2 troll leather armour (worn) {Snorg}
   (You found it on level 13 of the Dungeon)
Magical Staves
 a - an uncursed staff of death {rN+}
   (You found it on level 6 of the Dungeon)
 e - an uncursed staff of fire {rF+}
   (You found it on level 6 of the Dungeon)
 E - an uncursed staff of conjuration {!a}
   (You found it on level 10 of the Dungeon)
Jewellery
 c - a +4 ring of evasion (left hand)
   (You found it on level 1 of the Dungeon)
 h - an uncursed ring of ice {rC+, rF-}
   (You found it on level 1 of the Orcish Mines)
 y - an uncursed ring of flight {+Fly, !d}
   (You found it on level 7 of the Dungeon)
 B - a +6 amulet of reflection (around neck)
   (You found it on level 3 of the Dungeon)
 H - an uncursed ring of see invisible {sInv, !d}
   (You found it on level 1 of the Lair of Beasts)
 P - a ring of protection from magic (right hand) {MR+, !d}
   (You found it on level 11 of the Dungeon)
 X - an uncursed ring of ice {rC+, rF-}
   (You found it on level 11 of the Dungeon)
Wands
 b - a wand of acid (9)
   (You found it on level 6 of the Lair of Beasts)
 v - a wand of scattershot (7)
   (You found it on level 6 of the Lair of Beasts)
 w - a wand of clouds (4)
   (You found it on level 6 of the Lair of Beasts)
 T - a wand of disintegration (16)
   (You found it on level 4 of the Lair of Beasts)
 U - a wand of iceblast (4)
   (You found it on level 4 of the Lair of Beasts)
 W - a wand of paralysis (11)
   (You found it on level 11 of the Dungeon)
Scrolls
 f - 3 scrolls of identify
 i - 4 scrolls of teleportation
 k - a scroll of blinking {!r}
 o - 4 scrolls of remove curse
 s - 3 scrolls of fear
 u - 3 scrolls of immolation {!r}
 N - 3 scrolls of amnesia
 Q - a scroll of fog
Potions
 m - 3 potions of mutation {!q}
 n - 3 potions of brilliance
 p - 6 potions of agility
 q - a potion of haste
 z - 9 potions of curing
 C - 3 potions of lignification {!q}
 F - 5 potions of berserk rage {!q}
 K - 3 potions of invisibility
 M - a potion of flight
 R - 3 potions of resistance
Books
 I - a manual of Earth Magic {!d}
   (You found it on level 5 of the Dungeon)
 J - a manual of Stealth {!d}
   (You found it on level 1 of the Lair of Beasts)
Miscellaneous
 l - a lamp of fire
   (You found it on level 12 of the Dungeon)
 D - a fan of gales
   (You found it on level 1 of the Orcish Mines)
 S - a box of beasts
 Z - a sack of spiders
Comestibles
 d - 29 rations
 j - 18 chunks of flesh {@w0}


   Skills:
 + Level 10.2 Fighting
 + Level 10.2 Short Blades
 + Level 10.2 Long Blades
 + Level 10.2 Axes
 + Level 10.2 Maces & Flails
 + Level 10.2 Polearms
 + Level 10.2 Staves
 + Level 10.2 Slings
 + Level 10.2 Bows
 + Level 10.2 Crossbows
 + Level 10.2 Throwing
 + Level 10.2 Armour
 + Level 11.1 Dodging
 + Level 13.2 Stealth
 + Level 10.2 Shields
 + Level 10.2 Unarmed Combat
 + Level 12.2 Spellcasting
 + Level 9.0 Conjurations
 + Level 8.6 Hexes
 + Level 8.6 Charms
 + Level 9.0 Summonings
 + Level 8.6 Necromancy
 + Level 9.0 Translocations
 + Level 8.6 Transmutations
 + Level 8.6 Fire Magic
 + Level 8.6 Ice Magic
 + Level 8.6 Air Magic
 + Level 11.8 Earth Magic
 + Level 8.6 Poison Magic
 + Level 11.1 Invocations
 + Level 10.2 Evocations


You had 8 spell levels left.
You knew the following spells:

 Your Spells              Type           Power        Failure   Level  Hunger
a - Magic Dart            Conj           ####         1%          1    None
b - Blink                 Tloc           N/A          1%          2    None
c - Call Imp              Summ           ######..     1%          2    None
d - Conjure Flame         Conj/Fire      ######..     1%          3    None
e - Confuse               Hex            ######..     1%          3    None
f - Bolt of Magma         Conj/Fire/Erth ######....   4%          5    ###....
g - Iron Shot             Conj/Erth      ######....   21%         6    #####..
r - Regeneration          Chrm/Necr      ######....   1%          3    None
s - Swiftness             Chrm/Air       ######..     1%          2    None
x - Mephitic Cloud        Conj/Pois/Air  ######..     1%          3    None

Your spell library contained the following spells:

 Spells                   Type           Power        Failure   Level  Hunger
 Animate Skeleton         Necr           N/A          1%          1    None
 Beastly Appendage        Tmut           ######       1%          1    None
 Corona                   Hex            ######.      1%          1    None
 Pain                     Necr           ####         1%          1    None
 Shock                    Conj/Air       ####         1%          1    None
 Ensorcelled Hibernation  Hex/Ice        ######       1%          2    None
 Searing Ray              Conj           ######       1%          2    None
 Slow                     Hex            ######..     1%          2    None
 Sticks to Snakes         Tmut           ######..     1%          2    None
 Dazzling Spray           Conj/Hex       ######       1%          3    None
 Inner Flame              Hex/Fire       ######..     1%          3    None
 Portal Projectile        Hex/Tloc       ######       1%          3    None
 Recall                   Summ/Tloc      N/A          1%          3    None
 Spider Form              Tmut/Pois      ######....   1%          3    None
 Static Discharge         Conj/Air       ######..     1%          3    None
 Tukima's Dance           Hex            ######..     1%          3    None
 Vampiric Draining        Necr           ######....   1%          3    None
 Leda's Liquefaction      Hex/Erth       ######....   1%          4    None
 Airstrike                Air            ######....   2%          4    None
 Animate Dead             Necr           N/A          2%          4    None
 Cause Fear               Hex            ######....   2%          4    None
 Force Lance              Conj/Tloc      ######..     2%          4    None
 Fulminant Prism          Conj/Hex       ######....   2%          4    None
 Ice Form                 Ice/Tmut       ######..     2%          4    None
 Iskenderun's Mystic Bla  Conj           ######..     2%          4    None
 Borgnjor's Vile Clutch   Necr/Erth      ######....   3%          5    ###....
 Lightning Bolt           Conj/Air       ######....   7%          5    ###....
 Blade Hands              Tmut           ######....   8%          5    ###....
 Statue Form              Tmut/Erth      ######...    22%         6    #####..
 Death Channel            Necr           ######....   38%         6    #####..
 Simulacrum               Ice/Necr       ######....   38%         6    #####..
 Shatter                  Erth           ######....   100%        9    #######


Dungeon Overview and Level Annotations

Branches:
Dungeon (14/15)            Temple (1/1) D:4            Lair (6/6) D:10
  Swamp (0/4) Lair:2       Spider (0/4) Lair:3        Slime (0/5) Lair:5
    Orc (2/2) D:11            Elf (0/3) Orc:2        Vaults (0/5) D:13

Altars:
Ashenzari
Cheibriados
Dithmenos
Elyvilon
Fedhas
Gozag
Hepliaklqana
Kikubaaqudgha
Makhleb
Nemelex Xobeh
Okawaru
Qazlal
Ru
Sif Muna
Trog
Uskayaw
Vehumet
Wu Jian
Xom
Yredelemnul
Zin
The Shining One
Beogh
Jiyva

Shops:
Orc:2 *

Annotations:
D:3 2 transporters
D:11 3 runed doors, brasw1bg's ghost, journeyman DEEE
Lair:5 exclusion: oklob plant
Lair:6 exclusion: oklob plant
Orc:2 Saint Roka


Innate Abilities, Weirdness & Mutations

Your experience applies equally to all skills.
You have very sharp teeth.
Your uncanny sense of smell can sniff out nearby items.
Your life essence is reduced to manifest your ancestor. (-10% HP)


Message History

Taco hits Saint Roka with a +0 broad axe of flaming!
Taco burns Saint Roka.
You block Saint Roka's attack.
You hit Saint Roka. You burn Saint Roka. You bite Saint Roka, but do no damage.
You barely miss Saint Roka.
Saint Roka mumbles some strange prayers to Beogh against you.
Beogh smites you!
Taco hits Saint Roka with a +0 broad axe of flaming!
Taco burns Saint Roka.
You take 7 damage, and have 95/102 hp.
You hit Saint Roka but do no damage.
Saint Roka hits you with a +0 dire flail!!
Taco hits Saint Roka but does no damage.
You take 21 damage, and have 74/102 hp.
MASSIVE DAMAGE!!
You hit Saint Roka. You burn Saint Roka.
Saint Roka invokes the aid of Beogh against you.
Beogh smites you!
You take 11 damage, and have 63/102 hp.
You hit Saint Roka but do no damage.
Taco hits Saint Roka with a +0 broad axe of flaming.
Taco burns Saint Roka.
You closely miss Saint Roka.
Saint Roka hits you with a +0 dire flail!!
You block the orc warrior's attack.
The orc warrior barely misses Taco.
You take 28 damage, and have 36/102 hp.
MASSIVE DAMAGE!!
You are feeling hungry.
You hit Saint Roka but do no damage.
Taco hits Saint Roka with a +0 broad axe of flaming!
Taco burns Saint Roka.
Taco hits the orc warrior with a +0 broad axe of flaming.
Taco burns the orc warrior.
You block Saint Roka's attack.
You closely miss Saint Roka. You block the orc warrior's attack.
The orc warrior barely misses Taco.
Saint Roka hits you but does no damage.
Taco barely misses Saint Roka.
Taco hits the orc with a +0 broad axe of flaming.
Taco burns the orc.
The orc dies!
Taco hits the orc warrior with a +0 broad axe of flaming.
Taco burns the orc warrior.
You hit Saint Roka but do no damage.
The orc warrior seems less drained.
You block the orc warrior's attack.
The orc warrior hits Taco with a +0 war axe.
Saint Roka hits you with a +0 dire flail!!
* * * LOW HITPOINT WARNING * * *
You take 20 damage, and have 17/102 hp.
You hit Saint Roka but do no damage. Your bite misses Saint Roka.
Taco closely misses Saint Roka.
Taco closely misses the orc warrior.
The orc warrior hits you but does no damage.
The orc warrior hits Taco with a +0 war axe!
Some of the chunks of flesh in your inventory have rotted away.
You hit Saint Roka but do no damage.
The orc no longer looks unusually strong.
Saint Roka roars a battlecry!
The orc goes into a battle-frenzy!
Taco completely misses Saint Roka.
Taco hits the orc warrior with a +0 broad axe of flaming!
Taco burns the orc warrior.
You puncture Saint Roka! You burn Saint Roka.
The orc warrior no longer looks unusually strong.
Saint Roka roars a battlecry!
The orc warrior goes into a battle-frenzy!
You block the orc warrior's attack.
Taco blocks the orc warrior's attack.
Taco closely misses Saint Roka.
Taco hits the orc warrior but does no damage.
You hit Saint Roka. You burn Saint Roka.
Saint Roka hits you with a +0 dire flail.
* * * LOW HITPOINT WARNING * * *
The orc warrior hits you but does no damage.
The orc warrior hits Taco with a +0 war axe!
You take 5 damage, and have 14/102 hp.
You hit Saint Roka but do no damage.
Taco hits the orc warrior with a +0 broad axe of flaming.
Taco burns the orc warrior.
The orc warrior dies!
Taco hits the orc with a +0 broad axe of flaming.
Taco burns the orc.
Taco closely misses Saint Roka.
Saint Roka misses you.
You puncture Saint Roka! You burn Saint Roka.
You bite Saint Roka, but do no damage.
Taco blocks the orc's attack.
You block Saint Roka's attack.
Taco barely misses Saint Roka.
Taco hits the orc with a +0 broad axe of flaming!
Taco burns the orc.
The orc dies!
You hit Saint Roka but do no damage. You barely miss Saint Roka.
Saint Roka hits you with a +0 dire flail.
* * * LOW HITPOINT WARNING * * *
Taco hits Saint Roka with a +0 broad axe of flaming.
Taco burns Saint Roka.
You hit Saint Roka. You burn Saint Roka.
Saint Roka mumbles some strange prayers to Beogh against you.
Beogh smites you!
* * * LOW HITPOINT WARNING * * *
You take 14 damage, and have 2/102 hp.
MP restored: 31 You hit Saint Roka.
You burn Saint Roka.
Taco hits Saint Roka with a +0 broad axe of flaming!
Taco burns Saint Roka.
Saint Roka hits you with a +0 dire flail!!
You die...

...................#._.#.........
.................^.#.))#.........
...................###'#.........
.................)...............
................)................
.............)#..)...............
..............##)...........#..#.
...........................#.....
...........#####@R........#.#....
...........#)).#o))..............
...........'[_.#........#########
.^.........#...#..[....##
...........#####.......#
.................))...#### .
#.....................#.8##'###'#
...#................8)')..).o.(.o
......................'.†.).)8.oo


You could see the friendly Taco the knight and Saint Roka.

Vanquished Creatures
  An orc warlord (Orc:1)
  Louise (D:14)
  2 dire elephants (Lair:6)
  An ettin (Orc:1)
  Snorg (D:13)
  8 vault guards (D:13)
  2 hydras
  3 catoblepae
  A centaur warrior (D:13)
  3 two-headed ogres
  Nergalle (Lair:4)
  An obsidian statue (Volcano)
  An orc knight (D:11)
  A lindwurm (Lair:6)
  2 ugly things
  3 manticores
  2 centaur zombies
  20 elephants
  4 black mambas
  3 gargoyles
  10 spiny frogs
  2 rime drakes (Lair:6)
  A kobold demonologist (D:12)
  2 komodo dragons
  An ancient zyme (Lair:4)
  3 trolls
  A polar bear (Lair:4)
  10 hippogriffs
  6 blink frogs
  4 slime creatures (D:13)
  A shadow (D:11)
  A tarantella (Lair:3)
  25 yaks
  A wyvern (D:10)
  2 hogs (D:8)
  A basilisk (D:14)
  3 fire bats (Volcano)
  3 hungry ghosts
  3 vampire mosquitoes
  An acid dragon (Lair:6)
  3 wargs
  11 water moccasins
  8 porcupines
  2 phantoms
  32 orc warriors
  2 ice beasts
  A sky beast (D:10)
  10 centaurs
  8 ogres
  9 wolves
  9 crocodiles
  A big kobold (D:12)
  9 bullfrogs
  A wyvern zombie (D:12)
  4 scorpions
  3 killer bees (D:9)
  18 wights
  4 howler monkeys (D:8)
  7 electric eels
  A crimson imp (D:7)
  A lava snake (Volcano)
  2 quasits
  5 hounds
  13 orc priests
  A bullfrog skeleton (D:4)
  A centaur skeleton (D:11)
  7 worker ants
  4 iguanas
  19 orc wizards
  An ancestor (D:7)
  A hound skeleton (D:7)
  A howler monkey zombie (D:9)
  8 adders
  9 gnolls
  2 shadow imps
  3 oozes
  2 adder skeletons
  An adder zombie (D:6)
  A dart slug (D:3)
  4 leopard geckos
  86 orcs
  A bat (D:1)
  4 giant cockroaches
  6 goblins
  4 hobgoblins
  3 jackals
  8 quokkas
  2 ball pythons (D:4)
  4 frilled lizards
  15 kobolds
  7 rats
511 creatures vanquished.

Vanquished Creatures (collateral kills)
  2 orc warlords (Orc:1)
  A catoblepas (Lair:5)
  A centaur warrior (D:13)
  2 two-headed ogres
  An orc high priest (Orc:1)
  4 orc knights
  A lindwurm (Lair:6)
  An orc sorcerer (Orc:2)
  2 ugly things (D:12)
  7 elephants
  A centaur zombie (D:10)
  A spiny frog (Lair:4)
  A gargoyle (D:12)
  3 rime drakes
  An efreet (D:14)
  3 komodo dragons
  A slime creature (D:13)
  6 trolls
  2 hornets
  6 blink frogs
  2 hippogriffs
  A wraith (D:12)
  9 yaks
  A basilisk (Lair:6)
  A human (D:8)
  A steam dragon (Lair:6)
  A hungry ghost (D:12)
  A hog (D:8)
  6 vampire mosquitoes
  An acid dragon (Lair:6)
  2 wargs
  5 water moccasins
  Menkaure (D:6)
  3 porcupines
  4 sky beasts
  A swamp drake (Lair:6)
  An ice beast (D:8)
  22 orc warriors
  4 ogres
  3 necrophages
  3 phantoms
  A centaur (Volcano)
  4 crocodiles
  7 wolves
  A big kobold (D:12)
  7 bullfrogs
  A scorpion (D:8)
  A killer bee (D:9)
  A howler monkey (D:8)
  7 wights
  5 crimson imps
  3 lava snakes (Volcano)
  4 hounds
  2 jellies
  A bullfrog skeleton (D:5)
  16 orc priests
  A centaur skeleton (D:12)
  An iguana (D:13)
  17 orc wizards
  3 worker ants
  A worker ant zombie (D:5)
  3 gnolls
  2 adders
  2 shadow imps (D:8)
  A leopard gecko (D:5)
  59 orcs
  3 giant cockroaches (D:6)
  A hobgoblin (D:9)
  3 jackals
  A quokka (D:5)
  5 kobolds
  A leopard gecko zombie (D:7)
  A butterfly (Lair:1)
  A fungus (Lair:6)
287 creatures vanquished.

Vanquished Creatures (others)
  A red draconian (Volcano)
  A centaur warrior (Volcano)
  A spiny frog (Lair:1)
  A komodo dragon (Lair:1)
  A hornet (Lair:6)
  A blink frog (Lair:3)
  A vampire mosquito (D:14)
  5 yaks
  2 centaurs
  11 knights
  An ancestor (D:7)
  11 fungi
  17 plants
54 creatures vanquished.

Grand Total: 852 creatures vanquished

Notes
Turn   | Place    | Note
-------+----------+-------------------------------------------
     0 | D:1      | Firecrotchwizard the Gnoll Wizard began the quest for the
                  | Orb.
     0 | D:1      | Reached XP level 1. HP: 13/13 MP: 8/8
   449 | D:1      | Reached skill level 2 in Conjurations
   449 | D:1      | Reached skill level 2 in Summonings
   449 | D:1      | Reached skill level 2 in Translocations
   500 | D:1      | Reached XP level 2. HP: 19/19 MP: 8/10
   504 | D:1      | Learned a level 2 spell: Blink
   507 | D:1      | Learned a level 2 spell: Call Imp
  1213 | D:2      | Reached XP level 3. HP: 25/25 MP: 6/11
  1248 | D:1      | Reached skill level 1 in Invocations
  1432 | D:2      | Reached skill level 1 in Fighting
  1432 | D:2      | Reached skill level 1 in Short Blades
  1432 | D:2      | Reached skill level 1 in Long Blades
  1432 | D:2      | Reached skill level 1 in Axes
  1432 | D:2      | Reached skill level 1 in Maces & Flails
  1432 | D:2      | Reached skill level 1 in Polearms
  1432 | D:2      | Reached skill level 1 in Staves
  1432 | D:2      | Reached skill level 1 in Slings
  1432 | D:2      | Reached skill level 1 in Bows
  1432 | D:2      | Reached skill level 1 in Crossbows
  1432 | D:2      | Reached skill level 1 in Throwing
  1432 | D:2      | Reached skill level 1 in Armour
  1432 | D:2      | Reached skill level 1 in Shields
  1432 | D:2      | Reached skill level 1 in Unarmed Combat
  1432 | D:2      | Reached skill level 1 in Evocations
  1527 | D:2      | Reached XP level 4. HP: 29/32 MP: 11/13
  1660 | D:1      | Learned a level 3 spell: Conjure Flame
  1664 | D:1      | Learned a level 3 spell: Mephitic Cloud
  1690 | D:2      | Reached skill level 1 in Hexes
  1690 | D:2      | Reached skill level 1 in Charms
  1690 | D:2      | Reached skill level 1 in Necromancy
  1690 | D:2      | Reached skill level 1 in Transmutations
  1690 | D:2      | Reached skill level 1 in Fire Magic
  1690 | D:2      | Reached skill level 1 in Ice Magic
  1690 | D:2      | Reached skill level 1 in Air Magic
  1690 | D:2      | Reached skill level 1 in Earth Magic
  1690 | D:2      | Reached skill level 1 in Poison Magic
  1909 | D:2      | Reached XP level 5. HP: 34/37 MP: 14/14
  2481 | D:3      | Found a faded altar of an unknown god.
  2516 | D:3      | Found a transporter.
  2522 | D:3      | Found a transporter.
  2525 | D:3      | Noticed a centaur
  2543 | D:3      | Found a glowing silver altar of Zin.
  2938 | D:4      | Reached XP level 6. HP: 32/44 MP: 2/16
  3254 | D:4      | HP: 11/44 [poisoned by a scorpion]
  3256 | D:4      | Reached skill level 2 in Invocations
  3498 | D:4      | Learned a level 3 spell: Confuse
  3641 | D:4      | Reached skill level 2 in Fighting
  3641 | D:4      | Reached skill level 2 in Short Blades
  3641 | D:4      | Reached skill level 2 in Long Blades
  3641 | D:4      | Reached skill level 2 in Axes
  3641 | D:4      | Reached skill level 2 in Maces & Flails
  3641 | D:4      | Reached skill level 2 in Polearms
  3641 | D:4      | Reached skill level 2 in Staves
  3641 | D:4      | Reached skill level 2 in Slings
  3641 | D:4      | Reached skill level 2 in Bows
  3641 | D:4      | Reached skill level 2 in Crossbows
  3641 | D:4      | Reached skill level 2 in Throwing
  3641 | D:4      | Reached skill level 2 in Armour
  3641 | D:4      | Reached skill level 5 in Dodging
  3641 | D:4      | Reached skill level 2 in Shields
  3641 | D:4      | Reached skill level 2 in Unarmed Combat
  3641 | D:4      | Reached skill level 2 in Evocations
  3712 | D:4      | Got a faintly humming buckler
  3718 | D:4      | Identified the cursed -7 buckler of Puhef {*Drain rF+
                  | Int+5} (You found it on level 4 of the Dungeon)
  3898 | D:4      | Found a staircase to the Ecumenical Temple.
  4323 | D:4      | Found a sacrificial altar of Ru.
  4339 | Temple   | Entered the Ecumenical Temple
  4460 | Temple   | Became a worshipper of Hepliaklqana the Forgotten
  4649 | D:4      | Reached XP level 7. HP: 40/45 MP: 18/18
  4884 | D:5      | Entered Level 5 of the Dungeon
  5014 | D:5      | Reached skill level 2 in Hexes
  5014 | D:5      | Reached skill level 2 in Charms
  5014 | D:5      | Reached skill level 2 in Necromancy
  5014 | D:5      | Reached skill level 2 in Transmutations
  5014 | D:5      | Reached skill level 2 in Fire Magic
  5014 | D:5      | Reached skill level 2 in Ice Magic
  5014 | D:5      | Reached skill level 2 in Air Magic
  5014 | D:5      | Reached skill level 2 in Earth Magic
  5014 | D:5      | Reached skill level 2 in Poison Magic
  5057 | D:5      | Reached skill level 3 in Conjurations
  5057 | D:5      | Reached skill level 3 in Summonings
  5057 | D:5      | Reached skill level 3 in Translocations
  5157 | D:5      | Reached skill level 5 in Stealth
  5419 | D:5      | Reached skill level 3 in Invocations
  5686 | D:5      | Reached XP level 8. HP: 51/51 MP: 15/19
  5699 | D:5      | Learned a level 2 spell: Swiftness
  6018 | D:5      | Reached * piety under Hepliaklqana
  6265 | D:6      | Reached skill level 3 in Fighting
  6265 | D:6      | Reached skill level 3 in Short Blades
  6265 | D:6      | Reached skill level 3 in Long Blades
  6265 | D:6      | Reached skill level 3 in Axes
  6265 | D:6      | Reached skill level 3 in Maces & Flails
  6265 | D:6      | Reached skill level 3 in Polearms
  6265 | D:6      | Reached skill level 3 in Staves
  6265 | D:6      | Reached skill level 3 in Slings
  6265 | D:6      | Reached skill level 3 in Bows
  6265 | D:6      | Reached skill level 3 in Crossbows
  6265 | D:6      | Reached skill level 3 in Throwing
  6265 | D:6      | Reached skill level 3 in Armour
  6265 | D:6      | Reached skill level 3 in Shields
  6265 | D:6      | Reached skill level 3 in Unarmed Combat
  6265 | D:6      | Reached skill level 3 in Evocations
  6365 | D:6      | Reached skill level 3 in Earth Magic
  6544 | D:6      | Found a glowing drain.
  6553 | Sewer    | Entered a sewer
  6629 | Sewer    | Reached skill level 8 in Spellcasting
  6853 | D:6      | Noticed Menkaure
  6855 | D:6      | Reached skill level 3 in Hexes
  6855 | D:6      | Reached skill level 3 in Charms
  6855 | D:6      | Reached skill level 3 in Necromancy
  6855 | D:6      | Reached skill level 3 in Transmutations
  6855 | D:6      | Reached skill level 3 in Fire Magic
  6855 | D:6      | Reached skill level 3 in Ice Magic
  6855 | D:6      | Reached skill level 3 in Air Magic
  6855 | D:6      | Reached skill level 3 in Poison Magic
  6855 | D:6      | Reached skill level 4 in Invocations
  6860 | D:6      | Reached skill level 6 in Dodging
  6860 | D:6      | Reached XP level 9. HP: 37/58 MP: 21/21
  6862 | D:6      | Killed Menkaure
  7212 | D:7      | Reached skill level 4 in Earth Magic
  7290 | D:7      | Reached skill level 4 in Fighting
  7290 | D:7      | Reached skill level 4 in Short Blades
  7290 | D:7      | Reached skill level 4 in Long Blades
  7290 | D:7      | Reached skill level 4 in Axes
  7290 | D:7      | Reached skill level 4 in Maces & Flails
  7290 | D:7      | Reached skill level 4 in Polearms
  7290 | D:7      | Reached skill level 4 in Staves
  7290 | D:7      | Reached skill level 4 in Slings
  7290 | D:7      | Reached skill level 4 in Bows
  7290 | D:7      | Reached skill level 4 in Crossbows
  7290 | D:7      | Reached skill level 4 in Throwing
  7290 | D:7      | Reached skill level 4 in Armour
  7290 | D:7      | Reached skill level 4 in Shields
  7290 | D:7      | Reached skill level 4 in Unarmed Combat
  7290 | D:7      | Reached skill level 4 in Conjurations
  7290 | D:7      | Reached skill level 4 in Summonings
  7290 | D:7      | Reached skill level 4 in Translocations
  7290 | D:7      | Reached skill level 4 in Evocations
  7668 | D:7      | HP: 8/58 [orc warrior/+0 short sword (15)]
  7694 | D:7      | HP: 2/58 [orc warrior/+0 short sword (11)]
  7764 | D:7      | Got a pitted flail
  8051 | D:7      | Found a stormy altar of Qazlal.
  8140 | D:7      | Reached skill level 6 in Stealth
  8268 | D:7      | Reached ** piety under Hepliaklqana
  8269 | D:7      | Remembered your ancestor Taco as a knight
  8324 | D:7      | Found a bloodstained altar of Trog.
  8340 | D:7      | Identified the cursed +2 flail of Demand {flame, rElec
                  | rPois rF++ Dex-3} (You found it on level 7 of the Dungeon)
  8739 | D:8      | Found a shimmering altar of Xom.
  8739 | D:8      | Found a glowing golden altar of the Shining One.
  8740 | D:8      | Found a hide-covered altar of Uskayaw.
  8901 | D:8      | Reached skill level 5 in Invocations
  8927 | D:8      | Reached skill level 5 in Earth Magic
  9008 | D:8      | Reached XP level 10. HP: 61/65 MP: 22/22
  9014 | D:8      | Reached skill level 4 in Hexes
  9014 | D:8      | Reached skill level 4 in Charms
  9014 | D:8      | Reached skill level 4 in Necromancy
  9014 | D:8      | Reached skill level 4 in Transmutations
  9014 | D:8      | Reached skill level 4 in Fire Magic
  9014 | D:8      | Reached skill level 4 in Ice Magic
  9014 | D:8      | Reached skill level 4 in Air Magic
  9014 | D:8      | Reached skill level 4 in Poison Magic
  9280 | D:8      | Reached skill level 5 in Fighting
  9280 | D:8      | Reached skill level 5 in Short Blades
  9280 | D:8      | Reached skill level 5 in Long Blades
  9280 | D:8      | Reached skill level 5 in Axes
  9280 | D:8      | Reached skill level 5 in Maces & Flails
  9280 | D:8      | Reached skill level 5 in Polearms
  9280 | D:8      | Reached skill level 5 in Staves
  9280 | D:8      | Reached skill level 5 in Slings
  9280 | D:8      | Reached skill level 5 in Bows
  9280 | D:8      | Reached skill level 5 in Crossbows
  9280 | D:8      | Reached skill level 5 in Throwing
  9280 | D:8      | Reached skill level 5 in Armour
  9280 | D:8      | Reached skill level 5 in Shields
  9280 | D:8      | Reached skill level 5 in Unarmed Combat
  9280 | D:8      | Reached skill level 5 in Evocations
  9404 | D:8      | Found a white marble altar of Elyvilon.
  9421 | D:8      | Reached *** piety under Hepliaklqana
  9807 | D:8      | Reached skill level 7 in Dodging
  9951 | D:9      | Reached skill level 9 in Spellcasting
 10117 | D:9      | Noticed a two-headed ogre
 10129 | D:9      | Killed a two-headed ogre
 10129 | D:9      | Reached skill level 7 in Stealth
 10129 | D:9      | Reached skill level 5 in Conjurations
 10129 | D:9      | Reached skill level 5 in Summonings
 10129 | D:9      | Reached skill level 5 in Translocations
 10129 | D:9      | Reached skill level 6 in Earth Magic
 10129 | D:9      | Reached skill level 6 in Invocations
 10313 | D:9      | Learned a level 3 spell: Regeneration
 10327 | D:9      | Found a shattered altar of Ashenzari.
 10481 | D:9      | Found an iron altar of Okawaru.
 10918 | D:10     | Entered Level 10 of the Dungeon
 10954 | D:10     | Found a staircase to the Lair.
 10955 | D:10     | Reached XP level 11. HP: 72/72 MP: 21/24
 11176 | D:10     | Reached **** piety under Hepliaklqana
 11346 | D:10     | Reached skill level 6 in Fighting
 11346 | D:10     | Reached skill level 6 in Short Blades
 11346 | D:10     | Reached skill level 6 in Long Blades
 11346 | D:10     | Reached skill level 6 in Axes
 11346 | D:10     | Reached skill level 6 in Maces & Flails
 11346 | D:10     | Reached skill level 6 in Polearms
 11346 | D:10     | Reached skill level 6 in Staves
 11346 | D:10     | Reached skill level 6 in Slings
 11346 | D:10     | Reached skill level 6 in Bows
 11346 | D:10     | Reached skill level 6 in Crossbows
 11346 | D:10     | Reached skill level 6 in Throwing
 11346 | D:10     | Reached skill level 6 in Armour
 11346 | D:10     | Reached skill level 6 in Shields
 11346 | D:10     | Reached skill level 6 in Unarmed Combat
 11346 | D:10     | Reached skill level 6 in Evocations
 11729 | D:10     | Reached skill level 5 in Hexes
 11729 | D:10     | Reached skill level 5 in Charms
 11729 | D:10     | Reached skill level 5 in Necromancy
 11729 | D:10     | Reached skill level 5 in Transmutations
 11729 | D:10     | Reached skill level 5 in Fire Magic
 11729 | D:10     | Reached skill level 5 in Ice Magic
 11729 | D:10     | Reached skill level 5 in Air Magic
 11729 | D:10     | Reached skill level 5 in Poison Magic
 11738 | Lair:1   | Entered Level 1 of the Lair of Beasts
 11773 | Lair:1   | HP: 15/72 [yak (10)]
 11777 | Lair:1   | Reached skill level 7 in Earth Magic
 12218 | Lair:1   | Reached skill level 7 in Invocations
 12268 | Lair:1   | Reached skill level 8 in Dodging
 12394 | Lair:1   | Learned a level 5 spell: Bolt of Magma
 12610 | Lair:1   | Reached ***** piety under Hepliaklqana
 12641 | Lair:2   | Reached skill level 8 in Stealth
 12738 | Lair:2   | Found a staircase to the Swamp.
 12833 | Lair:2   | HP: 18/74 [electric eel/bolt of electricity (8)]
 13181 | Lair:2   | Reached skill level 6 in Conjurations
 13181 | Lair:2   | Reached skill level 6 in Summonings
 13181 | Lair:2   | Reached skill level 6 in Translocations
 13201 | Lair:2   | Got a smelly ring mail
 13217 | Lair:2   | Identified the +0 ring mail of Fedhas's Scorn {+Blink Int+7
                  | Slay-4} (You found it on level 2 of the Lair of Beasts)
 13235 | Lair:2   | Reached XP level 12. HP: 73/80 MP: 19/25
 13582 | Lair:2   | Reached skill level 10 in Spellcasting
 13938 | Lair:2   | Reached skill level 8 in Earth Magic
 14018 | Lair:3   | Reached skill level 7 in Fighting
 14018 | Lair:3   | Reached skill level 7 in Short Blades
 14018 | Lair:3   | Reached skill level 7 in Long Blades
 14018 | Lair:3   | Reached skill level 7 in Axes
 14018 | Lair:3   | Reached skill level 7 in Maces & Flails
 14018 | Lair:3   | Reached skill level 7 in Polearms
 14018 | Lair:3   | Reached skill level 7 in Staves
 14018 | Lair:3   | Reached skill level 7 in Slings
 14018 | Lair:3   | Reached skill level 7 in Bows
 14018 | Lair:3   | Reached skill level 7 in Crossbows
 14018 | Lair:3   | Reached skill level 7 in Throwing
 14018 | Lair:3   | Reached skill level 7 in Armour
 14018 | Lair:3   | Reached skill level 7 in Shields
 14018 | Lair:3   | Reached skill level 7 in Unarmed Combat
 14018 | Lair:3   | Reached skill level 7 in Evocations
 14168 | Lair:3   | Reached skill level 9 in Stealth
 14295 | Lair:3   | Reached skill level 6 in Hexes
 14295 | Lair:3   | Reached skill level 6 in Charms
 14295 | Lair:3   | Reached skill level 6 in Necromancy
 14295 | Lair:3   | Reached skill level 6 in Transmutations
 14295 | Lair:3   | Reached skill level 6 in Fire Magic
 14295 | Lair:3   | Reached skill level 6 in Ice Magic
 14295 | Lair:3   | Reached skill level 6 in Air Magic
 14295 | Lair:3   | Reached skill level 6 in Poison Magic
 14385 | Lair:3   | Reached skill level 8 in Invocations
 14486 | Lair:3   | Found a hole to the Spider Nest.
 14881 | Lair:4   | Noticed a four-headed hydra
 14906 | Lair:4   | Cast into level 2 of the Abyss (a distortion unwield)
 15009 | Abyss:2  | Noticed a tentacled starspawn
 15015 | Abyss:2  | Noticed a thrashing horror
 15026 | Abyss:2  | Noticed a thrashing horror
 15046 | Lair:4   | Escaped the Abyss
 15079 | Lair:4   | Killed a four-headed hydra
 15149 | Lair:4   | HP: 17/81 [elephant (11)]
 15179 | Lair:4   | Reached skill level 9 in Dodging
 15367 | Lair:4   | Reached XP level 13. HP: 76/88 MP: 27/27
 15378 | Lair:4   | Reached skill level 9 in Earth Magic
 15404 | Lair:4   | You fall through a shaft for 2 floors!
 15404 | Lair:6   | Entered Level 6 of the Lair of Beasts
 15544 | Lair:6   | Reached skill level 10 in Stealth
 15839 | Lair:4   | Noticed Nergalle
 15857 | Lair:4   | HP: 12/88 [Nergalle/bolt of negative energy (32)]
 15862 | Lair:4   | HP: 7/88 [spectral orc warrior/+0 long sword[Nergalle] (4)]
 15865 | Lair:4   | Killed Nergalle
 16012 | Lair:4   | Reached skill level 7 in Conjurations
 16012 | Lair:4   | Reached skill level 7 in Summonings
 16012 | Lair:4   | Reached skill level 7 in Translocations
 16183 | Lair:4   | Reached ****** piety under Hepliaklqana
 16785 | Lair:5   | Reached skill level 8 in Fighting
 16785 | Lair:5   | Reached skill level 8 in Short Blades
 16785 | Lair:5   | Reached skill level 8 in Long Blades
 16785 | Lair:5   | Reached skill level 8 in Axes
 16785 | Lair:5   | Reached skill level 8 in Maces & Flails
 16785 | Lair:5   | Reached skill level 8 in Polearms
 16785 | Lair:5   | Reached skill level 8 in Staves
 16785 | Lair:5   | Reached skill level 8 in Slings
 16785 | Lair:5   | Reached skill level 8 in Bows
 16785 | Lair:5   | Reached skill level 8 in Crossbows
 16785 | Lair:5   | Reached skill level 8 in Throwing
 16785 | Lair:5   | Reached skill level 8 in Armour
 16785 | Lair:5   | Reached skill level 8 in Shields
 16785 | Lair:5   | Reached skill level 8 in Unarmed Combat
 16785 | Lair:5   | Reached skill level 8 in Evocations
 16899 | Lair:5   | Got a scorched rapier
 16900 | Lair:5   | Identified the +6 rapier of Conscience {flame, rC+ Int+2}
                  | (You found it on level 5 of the Lair of Beasts)
 17438 | Lair:5   | Reached skill level 9 in Invocations
 17598 | Lair:5   | Found a staircase to the Slime Pits.
 17598 | Lair:5   | Found a viscous altar of Jiyva.
 17712 | Lair:5   | HP: 15/89 [elephant (10)]
 17715 | Lair:5   | Reached skill level 7 in Hexes
 17715 | Lair:5   | Reached skill level 7 in Charms
 17715 | Lair:5   | Reached skill level 7 in Necromancy
 17715 | Lair:5   | Reached skill level 7 in Transmutations
 17715 | Lair:5   | Reached skill level 7 in Fire Magic
 17715 | Lair:5   | Reached skill level 7 in Ice Magic
 17715 | Lair:5   | Reached skill level 7 in Air Magic
 17715 | Lair:5   | Reached skill level 7 in Poison Magic
 18120 | Lair:5   | Reached skill level 11 in Spellcasting
 18472 | Lair:6   | Reached skill level 11 in Stealth
 18503 | Lair:6   | Reached skill level 10 in Earth Magic
 18505 | Lair:6   | Reached XP level 14. HP: 50/95 MP: 25/29
 18696 | Lair:6   | HP: 13/95 [rime drake/flash freeze (19)]
 19117 | Lair:6   | Noticed a dire elephant
 19138 | Lair:6   | Killed a dire elephant
 19175 | Lair:6   | Reached skill level 10 in Dodging
 19350 | Lair:6   | Noticed a dire elephant
 19366 | Lair:6   | Killed a dire elephant
 19366 | Lair:6   | Reached skill level 9 in Fighting
 19366 | Lair:6   | Reached skill level 9 in Short Blades
 19366 | Lair:6   | Reached skill level 9 in Long Blades
 19366 | Lair:6   | Reached skill level 9 in Axes
 19366 | Lair:6   | Reached skill level 9 in Maces & Flails
 19366 | Lair:6   | Reached skill level 9 in Polearms
 19366 | Lair:6   | Reached skill level 9 in Staves
 19366 | Lair:6   | Reached skill level 9 in Slings
 19366 | Lair:6   | Reached skill level 9 in Bows
 19366 | Lair:6   | Reached skill level 9 in Crossbows
 19366 | Lair:6   | Reached skill level 9 in Throwing
 19366 | Lair:6   | Reached skill level 9 in Armour
 19366 | Lair:6   | Reached skill level 9 in Shields
 19366 | Lair:6   | Reached skill level 9 in Unarmed Combat
 19366 | Lair:6   | Reached skill level 9 in Evocations
 19375 | Lair:6   | HP: 20/97 [manticore (6)]
 19651 | Lair:6   | Found a blossoming altar of Fedhas.
 20151 | D:11     | Got a scorched flail
 20152 | D:11     | Identified the cursed +1 flail "Orb Guardian's Foe" {crush,
                  | Int+2} (You found it on level 11 of the Dungeon)
 20221 | D:11     | Found a runed gate.
 20221 | D:11     | Found a runed gate.
 20221 | D:11     | Found a runed gate.
 20224 | D:11     | Noticed brasw1bg's ghost (journeyman DEEE)
 20277 | D:11     | Found a roughly hewn altar of Beogh.
 20283 | D:11     | Found a staircase to the Orcish Mines.
 20294 | D:11     | HP: 22/97 [orc knight/+0 glaive (8)]
 20321 | D:11     | HP: 24/97 [two-headed ogre/+0 giant club (15)]
 20338 | D:10     | HP: 23/97 [orc warrior/+0 flail (8)]
 20933 | D:11     | Reached skill level 8 in Conjurations
 20933 | D:11     | Reached skill level 8 in Summonings
 20933 | D:11     | Reached skill level 8 in Translocations
 21221 | D:12     | Reached skill level 10 in Invocations
 21496 | D:12     | You fall through a shaft for 2 floors!
 21497 | D:14     | Noticed Louise
 21499 | D:14     | Killed Louise
 21637 | D:13     | Reached skill level 12 in Stealth
 21693 | D:13     | Found a gate to the Vaults.
 21738 | D:13     | Reached skill level 8 in Hexes
 21738 | D:13     | Reached skill level 8 in Charms
 21738 | D:13     | Reached skill level 8 in Necromancy
 21738 | D:13     | Reached skill level 8 in Transmutations
 21738 | D:13     | Reached skill level 8 in Fire Magic
 21738 | D:13     | Reached skill level 8 in Ice Magic
 21738 | D:13     | Reached skill level 8 in Air Magic
 21738 | D:13     | Reached skill level 8 in Poison Magic
 21861 | D:13     | Reached skill level 11 in Earth Magic
 21861 | D:13     | Reached XP level 15. HP: 101/101 MP: 8/30
 21869 | D:13     | Learned a level 6 spell: Iron Shot
 22187 | D:13     | Noticed Snorg
 22204 | D:13     | Killed Snorg
 22620 | D:12     | Upgraded the game from 0.23-a0-639-ga9a3373 to
                  | 0.23-a0-642-g3120c2f
 23554 | D:13     | Found a roughly hewn altar of Beogh.
 24018 | Orc:1    | Entered Level 1 of the Orcish Mines
 24108 | Orc:1    | Found a dark tunnel.
 24113 | Volcano  | Entered a volcano
 24189 | Volcano  | Found a radiant altar of Vehumet.
 24203 | Volcano  | Reached skill level 12 in Spellcasting
 24348 | Volcano  | HP: 13/102 [soul eater/drain life[an obsidian statue] (16)]
 24623 | Orc:1    | Reached skill level 10 in Fighting
 24623 | Orc:1    | Reached skill level 10 in Short Blades
 24623 | Orc:1    | Reached skill level 10 in Long Blades
 24623 | Orc:1    | Reached skill level 10 in Axes
 24623 | Orc:1    | Reached skill level 10 in Maces & Flails
 24623 | Orc:1    | Reached skill level 10 in Polearms
 24623 | Orc:1    | Reached skill level 10 in Staves
 24623 | Orc:1    | Reached skill level 10 in Slings
 24623 | Orc:1    | Reached skill level 10 in Bows
 24623 | Orc:1    | Reached skill level 10 in Crossbows
 24623 | Orc:1    | Reached skill level 10 in Throwing
 24623 | Orc:1    | Reached skill level 10 in Armour
 24623 | Orc:1    | Reached skill level 10 in Shields
 24623 | Orc:1    | Reached skill level 10 in Unarmed Combat
 24623 | Orc:1    | Reached skill level 10 in Evocations
 24800 | Orc:1    | Noticed an orc warlord
 24859 | Orc:1    | Killed an orc warlord
 24859 | Orc:1    | Reached skill level 11 in Dodging
 24859 | Orc:1    | Reached skill level 13 in Stealth
 24879 | Orc:1    | Noticed an orc warlord
 25023 | Orc:1    | Killed an orc warlord
 25204 | Orc:1    | Reached skill level 11 in Invocations
 25224 | Orc:1    | Noticed an orc warlord
 25402 | Orc:1    | Killed an orc warlord
 25826 | Orc:1    | Identified the +9 chain mail of Woxtyc {rN++ MP+9} (You
                  | found it on level 1 of the Orcish Mines)
 25898 | Orc:2    | Entered Level 2 of the Orcish Mines
 25964 | Orc:2    | Found a staircase to the Elven Halls.
 26176 | Orc:2    | Found a roughly hewn altar of Beogh.
 26330 | Orc:2    | Found Buoquet's Assorted Antiques.
 26497 | Orc:2    | Found a roughly hewn altar of Beogh.
 26558 | Orc:2    | Noticed Saint Roka
 26579 | Orc:2    | Reached skill level 9 in Conjurations
 26579 | Orc:2    | Reached skill level 9 in Summonings
 26579 | Orc:2    | Reached skill level 9 in Translocations
 26642 | Orc:2    | Found a roughly hewn altar of Beogh.
 26712 | Orc:2    | HP: 17/102 [Saint Roka/+0 dire flail (21)]
 26720 | Orc:2    | HP: 16/102 [Saint Roka/+0 dire flail (1)]
 26721 | Orc:2    | HP: 2/102 [Saint Roka/divine providence (14)]
 26722 | Orc:2    | Annihilated by Saint Roka

Vault maps used:
D:1:      nzn_arrival_settlement
D:2:      first_ration
D:3:      gammafunk_temple_overflow_arena, serial_rivers,
          chequers_serial_rivers_marsh, chequers_serial_rivers_small_3,
          chequers_serial_rivers_micro_c, chequers_serial_rivers_large_b,
          chequers_serial_rivers_room_a, chequers_ecumenical_altar_twisty
D:4:      nicolae_overflow_crystal_walls, minmay_temple_entry_statues_fountains,
          serial_co_window_serial, co_window_cross_1,
          co_window_of_opportunity_a, co_window_paths_b,
          co_window_of_opportunity_a, co_window_of_opportunity_a,
          co_window_corner_a, co_window_paths_a, co_window_corner_a,
          co_window_paths_a, co_window_of_opportunity_b,
          co_window_unsneaky_path_a, co_window_paths_c, co_window_4corner_a
D:5:      minmay_manual_mess
D:6:      gup_sewer_entry_glass, uniq_menkaure
D:7:      lightli_temple_of_fire, lemuel_coloured_pillars_altar,
          kennysheep_generic_room_8
D:8:      lemuel_ice_spiral_2, chequers_temple_overflow_statue_of_worship,
          elyvilon_altar_3, grunt_livestock
D:9:      lemuel_round_altar, okawaru_altar_gauntlet_db
D:10:     erik_lair_island
D:11:     david_orc_5, gammafunk_ghost_nasty_kobolds, serial_corexii_hall,
          chequers_hall_statues_wall_a, chequers_hall_statues_y
D:13:     erik_vaults_2, grunt_ministairs_3, fungi_pond_lemuel,
          david_defended_altar_orc, uniq_snorg
D:14:     minmay_fractal_squares_diagonal_5, uniq_louise
Temple:   nicolae_temple_hex_pool
Lair:1:   serial_bayou_pond_b, st_stairs_7, lemuel_fruit_fields
Lair:2:   minmay_swamp_entry_eels, gauntlet_entry_generic, grunt_megastairs_5
Lair:3:   spider_nest_entry_rubble, beast_lair_carwin_2, serial_bayou_shore_a
Lair:4:   uniq_nergalle
Lair:5:   slime_altar_1, infiniplex_staircase_pool_2, grunt_megastairs_3,
          lemuel_fruit_fields, serial_bayou_shore_b, lemuel_fruit_fields,
          minmay_lair_oklob_chamber
Lair:6:   guppyfry_lair_end_dragon, hangedman_lair_in_review,
          lemuel_oklob_altar, infiniplex_staircase_pool
Orc:1:    enter_volcano_4, minmay_orc_treasury
Orc:2:    grunt_orc_community_town_hall, grunt_orc_community_big_house_2,
          grunt_orc_community_big_house_2, grunt_orc_community_house_1,
          grunt_orc_community_house_2, grunt_orc_community_house_1,
          grunt_orc_community_house_1, grunt_orc_community_house_2,
          serial_shops, shop_statue, small_statue_alley_c, mines2_david
Sewer:    sewer_the_crocodile
Volcano:  volcano_grotto

Skill      XL: |  1  2  3  4  5  6  7  8  9 10 11 12 13 14 15 |
---------------+----------------------------------------------+-----
Conjurations   | 2 3 4 5 6 7 8 9 |  9.0
Summonings     | 2 3 4 5 6 7 8 9 |  9.0
Translocations | 2 3 4 5 6 7 8 9 |  9.0
Invocations    | 1 2 3 4 5 6 7 8 9 10 11 | 11.1
Fighting       | 1 2 3 4 5 6 7 8 9 10 | 10.2
Short Blades   | 1 2 3 4 5 6 7 8 9 10 | 10.2
Long Blades    | 1 2 3 4 5 6 7 8 9 10 | 10.2
Axes           | 1 2 3 4 5 6 7 8 9 10 | 10.2
Maces & Flails | 1 2 3 4 5 6 7 8 9 10 | 10.2
Polearms       | 1 2 3 4 5 6 7 8 9 10 | 10.2
Staves         | 1 2 3 4 5 6 7 8 9 10 | 10.2
Slings         | 1 2 3 4 5 6 7 8 9 10 | 10.2
Bows           | 1 2 3 4 5 6 7 8 9 10 | 10.2
Crossbows      | 1 2 3 4 5 6 7 8 9 10 | 10.2
Throwing       | 1 2 3 4 5 6 7 8 9 10 | 10.2
Armour         | 1 2 3 4 5 6 7 8 9 10 | 10.2
Shields        | 1 2 3 4 5 6 7 8 9 10 | 10.2
Unarmed Combat | 1 2 3 4 5 6 7 8 9 10 | 10.2
Evocations     | 1 2 3 4 5 6 7 8 9 10 | 10.2
Hexes          | 1 2 3 4 5 6 7 8 |  8.6
Charms         | 1 2 3 4 5 6 7 8 |  8.6
Necromancy     | 1 2 3 4 5 6 7 8 |  8.6
Transmutations | 1 2 3 4 5 6 7 8 |  8.6
Fire Magic     | 1 2 3 4 5 6 7 8 |  8.6
Ice Magic      | 1 2 3 4 5 6 7 8 |  8.6
Air Magic      | 1 2 3 4 5 6 7 8 |  8.6
Earth Magic    | 1 2 3 5 6 7 8 10 11 | 11.8
Poison Magic   | 1 2 3 4 5 6 7 8 |  8.6
Dodging        | 5 6 7 8 9 10 11 | 11.1
Stealth        | 5 6 7 8 9 11 12 13 | 13.2
Spellcasting   | 8 9 10 11 12 | 12.2

Action                   |  1- 3 |  4- 6 |  7- 9 | 10-12 | 13-15 || total
-------------------------+-------+-------+-------+-------+-------++-------
Melee: Spear             |    32 |       |       |       |       ||    32
       Bite              |     1 |    21 |    31 |    65 |   112 ||   230
       Falchion          |       |   150 |       |       |       ||   150
       Whip              |       |    15 |   230 |       |       ||   245
       Punch             |       |       |     3 |     7 |       ||    10
       Long sword        |       |       |    95 |       |       ||    95
       Flail             |       |       |    54 |   412 |   106 ||   572
       Quarterstaff      |       |       |       |   270 |       ||   270
       Rapier            |       |       |       |       |   671 ||   671
       Demon trident     |       |       |       |       |   392 ||   392
       Staff             |       |       |       |       |    71 ||    71
 Cast: Magic Dart        |    40 |    89 |    80 |   159 |   213 ||   581
       Blink             |     1 |     1 |     1 |     2 |       ||     5
       Call Imp          |     1 |       |       |     1 |     1 ||     3
       Conjure Flame     |       |     1 |     1 |     1 |       ||     3
       Mephitic Cloud    |       |       |     2 |     4 |     9 ||    15
       Bolt of Magma     |       |       |       |     4 |    42 ||    46
       Iron Shot         |       |       |       |       |    19 ||    19
       Regeneration      |       |       |       |       |     2 ||     2
Invok: Ancestor Identity |       |     1 |       |       |       ||     1
       Ancestor Life: Kn |       |       |     1 |       |       ||     1
       Recall Ancestor   |       |       |       |     2 |    13 ||    15
       Idealise          |       |       |       |     1 |     7 ||     8
       Transference      |       |       |       |       |     3 ||     3
Evoke: Wand              |       |       |     1 |       |    13 ||    14
  Use: Scroll            |       |     3 |    13 |    11 |    11 ||    38
       Potion            |       |     1 |       |     3 |     1 ||     5
 Stab: Sleeping          |     4 |     4 |     3 |    11 |    32 ||    54
       Distracted        |       |       |     4 |     4 |    14 ||    22
       Confused          |       |       |     4 |     1 |    10 ||    15
  Eat: Chunk             |     2 |     5 |    10 |    18 |    37 ||    72
       Ration            |       |     3 |     1 |     2 |     4 ||    10
Armor: Robe              |     1 |     1 |       |       |       ||     2
       Leather armour    |       |    22 |     3 |       |       ||    25
       Ring mail         |       |       |    89 |    21 |       ||   110
       Troll leather arm |       |       |       |   113 |   248 ||   361
Dodge: Dodged            |    31 |   165 |   276 |   634 |   843 ||  1949
Block: Other             |       |    35 |   133 |   173 |       ||   341
       Reflection        |       |       |     3 |     5 |    37 ||    45
       Buckler           |       |       |       |    77 |   586 ||   663
       Shield            |       |       |       |       |   113 ||   113
       Rpst.: Falchion   |       |    39 |       |       |       ||    39
       Long sword        |       |       |    18 |       |       ||    18

Table legend:
 A = Non-vault XP
 B = Vault XP
 C = Vault XP percentage of total XP
 D = Non-vault monster count
 E = Vault monster count
 F = Vault count percentage of total count
                 A         B        C        D         E       F
            +---------+---------+-------+---------+---------+-------
      Total |   80895 |   45357 |  35.9 |     565 |     244 |  30.2
            +---------+---------+-------+---------+---------+-------
        D:1 |      69 |       0 |   0.0 |      14 |       0 |   0.0
        D:2 |     100 |       0 |   0.0 |      20 |       0 |   0.0
        D:3 |      81 |       0 |   0.0 |      16 |       0 |   0.0
        D:4 |     430 |       0 |   0.0 |      24 |       0 |   0.0
        D:5 |     511 |     133 |  20.7 |      19 |       5 |  20.8
        D:6 |     936 |     176 |  15.8 |      22 |       5 |  18.5
        D:7 |    1224 |       2 |   0.2 |      30 |       1 |   3.2
        D:8 |    1719 |     981 |  36.3 |      25 |       5 |  16.7
        D:9 |    2688 |      27 |   1.0 |      29 |       6 |  17.1
       D:10 |    1713 |     708 |  29.2 |      18 |       7 |  28.0
       D:11 |    3882 |    2914 |  42.9 |      18 |      30 |  62.5
       D:12 |   10606 |       0 |   0.0 |      53 |       0 |   0.0
       D:13 |    7825 |    9213 |  54.1 |      37 |      18 |  32.7
       D:14 |    1517 |    1944 |  56.2 |       9 |       2 |  18.2
     Lair:1 |    4527 |     200 |   4.2 |      25 |       2 |   7.4
     Lair:2 |    4599 |     618 |  11.8 |      24 |       8 |  25.0
     Lair:3 |    3918 |     770 |  16.4 |      21 |       5 |  19.2
     Lair:4 |    8537 |     789 |   8.5 |      25 |       1 |   3.8
     Lair:5 |   11744 |     976 |   7.7 |      33 |       5 |  13.2
     Lair:6 |    6732 |   10706 |  61.4 |      22 |      24 |  52.2
      Orc:1 |    5299 |    8531 |  61.7 |      47 |      43 |  47.8
      Orc:2 |    2238 |    2790 |  55.5 |      34 |      58 |  63.0
      Sewer |       0 |     108 | 100.0 |       0 |       6 | 100.0
    Volcano |       0 |    3771 | 100.0 |       0 |      13 | 100.0
            +---------+---------+-------+---------+---------+-------

Vault maps used:
D:1:      nzn_arrival_settlement
D:2:      first_ration
D:3:      gammafunk_temple_overflow_arena, serial_rivers,
          chequers_serial_rivers_marsh, chequers_serial_rivers_small_3,
          chequers_serial_rivers_micro_c, chequers_serial_rivers_large_b,
          chequers_serial_rivers_room_a, chequers_ecumenical_altar_twisty
D:4:      nicolae_overflow_crystal_walls, minmay_temple_entry_statues_fountains,
          serial_co_window_serial, co_window_cross_1,
          co_window_of_opportunity_a, co_window_paths_b,
          co_window_of_opportunity_a, co_window_of_opportunity_a,
          co_window_corner_a, co_window_paths_a, co_window_corner_a,
          co_window_paths_a, co_window_of_opportunity_b,
          co_window_unsneaky_path_a, co_window_paths_c, co_window_4corner_a
D:5:      minmay_manual_mess
D:6:      gup_sewer_entry_glass, uniq_menkaure
D:7:      lightli_temple_of_fire, lemuel_coloured_pillars_altar,
          kennysheep_generic_room_8
D:8:      lemuel_ice_spiral_2, chequers_temple_overflow_statue_of_worship,
          elyvilon_altar_3, grunt_livestock
D:9:      lemuel_round_altar, okawaru_altar_gauntlet_db
D:10:     erik_lair_island
D:11:     david_orc_5, gammafunk_ghost_nasty_kobolds, serial_corexii_hall,
          chequers_hall_statues_wall_a, chequers_hall_statues_y
D:13:     erik_vaults_2, grunt_ministairs_3, fungi_pond_lemuel,
          david_defended_altar_orc, uniq_snorg
D:14:     minmay_fractal_squares_diagonal_5, uniq_louise
Temple:   nicolae_temple_hex_pool
Lair:1:   serial_bayou_pond_b, st_stairs_7, lemuel_fruit_fields
Lair:2:   minmay_swamp_entry_eels, gauntlet_entry_generic, grunt_megastairs_5
Lair:3:   spider_nest_entry_rubble, beast_lair_carwin_2, serial_bayou_shore_a
Lair:4:   uniq_nergalle
Lair:5:   slime_altar_1, infiniplex_staircase_pool_2, grunt_megastairs_3,
          lemuel_fruit_fields, serial_bayou_shore_b, lemuel_fruit_fields,
          minmay_lair_oklob_chamber
Lair:6:   guppyfry_lair_end_dragon, hangedman_lair_in_review,
          lemuel_oklob_altar, infiniplex_staircase_pool
Orc:1:    enter_volcano_4, minmay_orc_treasury
Orc:2:    grunt_orc_community_town_hall, grunt_orc_community_big_house_2,
          grunt_orc_community_big_house_2, grunt_orc_community_house_1,
          grunt_orc_community_house_2, grunt_orc_community_house_1,
          grunt_orc_community_house_1, grunt_orc_community_house_2,
          serial_shops, shop_statue, small_statue_alley_c, mines2_david
Sewer:    sewer_the_crocodile
Volcano:  volcano_grotto

Table legend:
 A = Turns spent in this place as a percentage of turns spent in the entire game.
 B = Non-inter-level travel turns spent in this place as a percentage of non-inter-level travel turns spent in the entire game.
 C = Inter-level travel turns spent in this place as a percentage of turns spent in this place.
 D = Turns resting spent in this place as a percentage of non-inter-level travel turns spent in this place.
 E = Turns spent auto-exploring this place as a percentage of non-inter-level travel turns spent in this place.
 F = Non-inter-level travel turns spent in this place divided by the number of levels of this place that you've seen.
                   A       B       C       D       E      F
               +-------+-------+-------+-------+-------+----------------------
         Total | 100.0 | 100.0 |   3.9 |  27.2 |  45.4 | 987.2
       Dungeon |  58.4 |  57.9 |   4.9 |  29.9 |  46.1 | 1061.4
        Temple |   0.5 |   0.4 |  35.7 |   0.0 |  83.3 |  90.0
          Lair |  30.5 |  30.9 |   2.6 |  25.7 |  46.5 | 1323.2
  Orcish Mines |   8.1 |   8.3 |   1.4 |  14.0 |  44.5 | 1066.0
         Abyss |   0.5 |   0.5 |   0.0 |   0.0 |  17.9 | 140.0
         Sewer |   0.5 |   0.5 |   0.0 |   0.0 |  57.0 | 121.0
       Volcano |   1.4 |   1.5 |   0.0 |  53.5 |   0.0 | 387.0
               +-------+-------+-------+-------+-------+----------------------

Table legend:
 A = Kills in this place as a percentage of kills in entire the game.
 B = Kills by you in this place as a percentage of kills by you in the entire game.
 C = Kills by friends in this place as a percentage of kills by friends in the entire game.
 D = Other kills in this place as a percentage of other kills in the entire game.
 E = Experience gained in this place as a percentage of experience gained in the entire game.
 F = Experience gained in this place divided by the number of levels of this place that you have seen.
                   A       B       C       D       E      F
               +-------+-------+-------+-------+-------+----------------------
         Total | 100.0 | 100.0 | 100.0 | 100.0 | 100.0 | 4855.8
       Dungeon |  51.1 |  56.5 |  43.9 |  21.7 |  39.1 | 3528.5
          Lair |  24.1 |  25.0 |  21.1 |  43.5 |  42.9 | 9019.3
  Orcish Mines |  22.5 |  16.6 |  33.0 |  21.7 |  14.9 | 9429.0
         Sewer |   0.7 |   0.8 |   0.7 |   0.0 |   0.1 | 108.0
       Volcano |   1.6 |   1.2 |   1.4 |  13.0 |   3.0 | 3771.0
               +-------+-------+-------+-------+-------+----------------------
